 Dungeon Crawl Stone Soup version 0.29-a0-330-g52719c12eb (webtiles) character file.

Game seed: 7222098213943274829

12775 funkygono the Basher (level 11, -7/69 HPs)
             Began as a Gargoyle Fighter on May 4, 2022.
             Was the Champion of Okawaru.
             Killed by divine providence
             ... invoked by a daeva
              (13 damage)
             ... on level 1 of the Abyss on May 5, 2022.
             The game lasted 00:18:38 (11145 turns).

funkygono the Basher (Gargoyle Fighter)            Turns: 11145, Time: 00:18:38

Health: -7/69      AC: 33    Str: 29    XL:     11   Next: 98%
Magic:  11/11      EV:  9    Int: 10    God:    Okawaru [******]
Gold:   1435       SH:  5    Dex:  9    Spells: 10/10 levels left

rFire   . . .      SeeInvis .   l - +6 flail (protect)
rCold   . . .      Faith    +   c - +0 buckler
rNeg    + . .      Spirit   .   E - +0 chain mail
rPois   ∞          Reflect  .   (no helmet)
rElec   +          Harm     .   C - +1 cloak
rCorr   .          Rampage  .   K - +1 pair of gloves
Will    .....                   D - +1 pair of boots
Stlth   ..........              O - amulet of faith
HPRegen 0.21/turn               y - +6 ring of strength
MPRegen 0.12/turn               F - +4 ring of slaying

@: under a protective aura, glowing
A: sickness immunity, AC +8, negative energy resistance 1, electricity
resistance, torment resistance 1, petrification resistance
a: Renounce Religion, Heroism, Finesse, Duel


You were on level 1 of the Abyss.
You worshipped Okawaru.
Okawaru was exalted by your worship.
You visited 2 branches of the dungeon, and saw 11 of its levels.
You visited the Abyss 1 time.

You collected 1435 gold pieces.

Inventory:

Hand Weapons
 a - a +0 vampiric flail
 f - a +0 whip of freezing
 h - a +1 whip of electrocution
 l - a +6 flail of protection (weapon)
 v - a +0 hand crossbow
 I - the +8 long sword "Grim" {freeze, Drain Str+4}
   (You found it on level 6 of the Dungeon)

   It freezes those it strikes, dealing additional cold damage.
   It can also slow down cold-blooded creatures.
   Str:       It affects your strength (+4).
   Drain:     It drains your maximum health when unequipped.
 L - a +2 demon whip of venom
 S - a +2 scimitar of electrocution
 W - a +3 scimitar of flaming
Missiles
 i - 237 stones
 n - 25 poisoned darts (quivered)
 p - 3 boomerangs
 s - an atropa-tipped dart
 G - 7 curare-tipped darts
 P - 6 silver boomerangs
Armour
 b - a +1 scale mail
 c - a +0 buckler (worn)
 q - a +0 troll leather armour {Pargi}
 C - a +1 cloak (worn)
 D - a +1 pair of boots (worn)
 E - a +0 chain mail (worn)
 K - a +1 pair of gloves (worn)
 R - +0 swamp dragon scales
 X - a +2 robe of willpower
Magical Staves
 e - a staff of earth
 H - a staff of poison
Jewellery
 y - a +6 ring of strength (left hand)
 B - a +4 ring of evasion
 F - a +4 ring of slaying (right hand)
 M - a ring of flight
 O - an amulet of faith (around neck)
Wands
 r - a wand of mindburst (13)
 J - a wand of iceblast (16)
Scrolls
 g - 3 scrolls of fear
 j - a scroll of amnesia
 m - 3 scrolls of magic mapping
 A - 2 scrolls of teleportation
 U - 2 scrolls of blinking {unknown}
Potions
 d - 2 potions of might
 k - 3 potions of heal wounds
 o - 3 potions of flight
 t - a potion of magic {unknown}
 u - 4 potions of curing
 w - a potion of lignification {unknown}
 x - 2 potions of cancellation
 z - 2 potions of berserk rage {unknown}
 N - a potion of attraction {unknown}
 T - 8 potions of ambrosia
 V - a potion of haste
Miscellaneous
 Q - a box of beasts


   Skills:
 + Level 8.8 Fighting
 + Level 13.0 Maces & Flails
 + Level 1.2 Throwing
 + Level 9.8 Armour
 + Level 4.0 Dodging
 + Level 1.3 Stealth
 + Level 7.0 Shields
 + Level 1.5 Evocations


You had 10 spell levels left.
You didn't know any spells.
Your spell library contained the following spells:

 Spells                   Type           Power      Damage    Failure   Level
 Apportation              Tloc           0%         N/A       89%         1
 Magic Dart               Conj           0%         1d3       89%         1
 Searing Ray              Conj           0%         2d4       96%         2
 Mephitic Cloud           Conj/Pois/Air  0%         N/A       99%         3
 Fulminant Prism          Conj/Hex       0%         3d6       100%        4
 Alistair's Intoxication  Tmut/Pois      0%         N/A       100%        5
 Call Imp                 Summ           Unusable   N/A       N/A         2

Dungeon Overview and Level Annotations

Branches:
Dungeon (10/15)            Temple (1/1) D:6            Lair (0/6) D:9
    Orc: D:9-12

Altars:
Ashenzari
Cheibriados
Dithmenos
Elyvilon
Fedhas
Gozag
Hepliaklqana
Kikubaaqudgha
Makhleb
Nemelex Xobeh
Okawaru
Qazlal
Ru
Sif Muna
Trog
Uskayaw
Vehumet
Wu Jian
Xom
Yredelemnul
Zin
The Shining One

Shops:
D:4 (   D:5 (?*   D:10 (

Annotations:
D:10 Erolcha


Innate Abilities, Weirdness & Mutations

You are immune to sickness and miasma.
Your stone body is resilient. (AC +8)
You are immune to poison.
You resist negative energy. (rN+)
You are resistant to electric shocks. (rElec)
You are resistant to unholy torment.
You are immune to petrification.


Message History

The thrashing horror is almost destroyed.
The thrashing horror tramples you but does no damage. x2
You completely miss the thrashing horror.
The thrashing horror is almost destroyed.
The thrashing horror tramples you but does no damage.
The thrashing horror barely misses you.
You closely miss the quasit.
The thrashing horror roars!
The thrashing horror churns violently!
The thrashing horror seems to grow stronger.
The quasit bites you but does no damage.
The quasit claws you but does no damage. x2
You hit the quasit but do no damage. You block the quasit's attack. x2
The quasit claws you but does no damage.
You completely miss the quasit.
The quasit bites you but does no damage.
The quasit claws you but does no damage.
The quasit barely misses you.
You sock the quasit!
The quasit is almost dead.
The daeva hits you with a +2 scimitar of holy wrath!!
You block the daeva's attack.
The quasit bites you but does no damage.
The quasit claws you but does no damage.
The quasit barely misses you. The quasit attacks as you move away!
The quasit bites you but does no damage.
The quasit claws you. The quasit barely misses you.
The daeva blocks your attack. The daeva hits you but does no damage.
The daeva barely misses you. The daeva blocks your attack.
The daeva hits you with a +2 scimitar of holy wrath!
* * * LOW HITPOINT WARNING * * *
The daeva hits you with a +2 scimitar of holy wrath!
* * * LOW HITPOINT WARNING * * *
A large abomination comes into view.
The daeva blocks your attack.
The daeva calls down the wrath of Xom upon you.
Xom smites you!
You die...

.. ##...###...# .
.. .. .#.X...
..... ....... . 5
........ .
#.....# . #..#X.#
##5# ..# . #
###A### #.... #..
#.@#... ..### .
..# ##.#.....###
#..###.###..##...
. #.).# #.## .#
..#..# ..# .
#...##...##
###.#. .#.# #
.#... ...### #.#


You could see a daeva, a thrashing horror (strong), a large abomination and a
quasit.

Vanquished Creatures
  Erica (D:10)
  A two-headed ogre (D:10)
  Amaemon (D:8)
  A skeletal warrior (D:9)
  The ghost of Charly the Covert, a novice VSBr of Uskayaw (D:8)
  A manticore (D:9)
  An ice statue (D:9)
  An orange demon (D:8)
  A kobold demonologist (D:9)
  An efreet (Abyss:1)
  An unseen horror (D:8)
  Maggie (D:10)
  A komodo dragon (D:9)
  A queen bee (D:10)
  A troll (D:10)
  A slime creature (D:9)
  A hornet (D:9)
  2 raiju (Abyss:1)
  A wyvern (D:9)
  2 small abominations (Abyss:1)
  A wraith (D:9)
  11 yaks (D:10)
  A vampire mosquito (D:9)
  2 large abominations (Abyss:1)
  2 water moccasins
  An ice beast (D:7)
  2 orc warriors (D:9)
  Pargi (D:4)
  3 black bears
  3 ogres
  3 centaurs (D:9)
  2 phantoms
  3 kobold brigands
  4 bullfrogs
  2 gnoll sergeants (D:8)
  4 scorpions
  A necrophage (D:5)
  8 wights
  29 killer bees
  3 howler monkeys
  6 orc priests
  3 hounds
  4 jellies
  2 iguanas
  10 orc wizards
  10 gnolls
  7 adders
  5 shadow imps
  4 white imps
  3 ufetubi
  4 dart slugs
  31 orcs
  4 ball pythons
  5 endoplasms
  5 giant cockroaches
  5 goblins
  11 hobgoblins
  6 jackals
  10 kobolds
  A quokka (D:3)
  2 bats
  2 frilled lizards
  4 rats
252 creatures vanquished.

Vanquished Creatures (others)
  9 plants
9 creatures vanquished.

Grand Total: 261 creatures vanquished

Notes
Turn   | Place    | Note
-------+----------+-------------------------------------------
     0 | D:1      | funkygono the Gargoyle Fighter began the quest for the Orb.
     0 | D:1      | Reached XP level 1. HP: 14/14 MP: 1/1
   305 | D:1      | Reached XP level 2. HP: 19/19 MP: 2/2
   502 | D:1      | Found a faded altar of an unknown god.
  1407 | D:2      | Reached XP level 3. HP: 21/23 MP: 3/3
  1941 | D:2      | Reached skill level 3 in Maces & Flails
  1941 | D:2      | Reached XP level 4. HP: 27/29 MP: 4/4
  2593 | D:3      | Found a hazy altar of Hepliaklqana.
  3278 | D:4      | Reached XP level 5. HP: 26/33 MP: 5/5
  3508 | D:4      | Reached skill level 1 in Dodging
  3517 | D:4      | Reached XP level 6. HP: 38/38 MP: 6/6
  3587 | D:4      | Reached skill level 4 in Maces & Flails
  3727 | D:4      | Noticed Pargi
  3739 | D:4      | Killed Pargi
  3745 | D:4      | Reached skill level 5 in Armour
  3745 | D:4      | Reached XP level 7. HP: 40/44 MP: 7/7
  3859 | D:4      | Found Saxuyvupt's Weapon Shoppe.
  4130 | D:5      | Entered Level 5 of the Dungeon
  4205 | D:5      | Found Zuysmaire's Weapon Boutique.
  4439 | D:5      | Reached skill level 5 in Maces & Flails
  4721 | D:5      | Reached XP level 8. HP: 48/48 MP: 8/8
  4794 | D:5      | Found Fomeru's Magic Scroll Shop.
  4821 | D:5      | Reached skill level 5 in Fighting
  4821 | D:5      | Reached skill level 6 in Maces & Flails
  5169 | D:5      | Found Hiakhlism's General Store.
  5771 | D:6      | Found a white marble altar of Elyvilon.
  5892 | D:6      | Reached skill level 7 in Maces & Flails
  5903 | D:6      | Identified the +3 halberd of Disembowelment {vorpal, +Blink
                  | rC- Int+7}
  5930 | D:6      | Found a blossoming altar of Fedhas.
  5975 | D:6      | Found a staircase to the Ecumenical Temple.
  5983 | Temple   | Entered the Ecumenical Temple
  6194 | D:6      | Found a stormy altar of Qazlal.
  6235 | D:6      | Identified the +8 long sword "Grim" {freeze, Drain Str+4}
  6495 | D:7      | Reached XP level 9. HP: 50/54 MP: 9/9
  6534 | D:7      | Found a snail-covered altar of Cheibriados.
  6554 | D:7      | Reached skill level 8 in Maces & Flails
  6838 | D:7      | Found an opulent altar of Gozag.
  7177 | D:7      | Found a glowing golden altar of the Shining One.
  7177 | D:7      | Found an iron altar of Okawaru.
  7181 | D:7      | Became a worshipper of Warmaster Okawaru
  7388 | D:8      | Reached skill level 9 in Maces & Flails
  7646 | D:8      | Reached skill level 5 in Shields
  7740 | D:8      | Noticed Amaemon
  7741 | D:8      | Noticed an orange demon
  7754 | D:8      | Killed Amaemon
  7754 | D:8      | Reached * piety under Okawaru
  7755 | D:8      | Reached skill level 1 in Stealth
  7764 | D:8      | Killed an orange demon
  7765 | D:8      | Reached XP level 10. HP: 48/61 MP: 10/10
  7854 | D:8      | Noticed Charly's ghost (novice VSBr)
  7875 | D:8      | Found a runed translucent door.
  7952 | D:8      | Found an ornate altar of the Wu Jian Council.
  8008 | D:8      | Reached skill level 10 in Maces & Flails
  8022 | D:8      | Reached skill level 1 in Evocations
  8182 | D:8      | Killed an unseen horror
  8183 | D:8      | Reached skill level 1 in Throwing
  8365 | D:8      | Killed Charly's ghost
  8365 | D:8      | Reached ** piety under Okawaru
  8414 | D:8      | Identified a scroll of acquirement
  8414 | D:8      | Acquired 745 gold pieces
  8457 | D:9      | Found a staircase to the Lair.
  8490 | D:9      | Reached *** piety under Okawaru
  8854 | D:9      | Noticed a two-headed ogre
  8919 | D:9      | Noticed a skeletal warrior
  8936 | D:9      | Noticed a kobold demonologist
  8937 | D:9      | Killed a skeletal warrior
  8937 | D:9      | Reached **** piety under Okawaru
  8944 | D:9      | Reached skill level 11 in Maces & Flails
  8950 | D:9      | Killed a kobold demonologist
  8951 | D:9      | Noticed a manticore
  8971 | D:9      | Reached XP level 11. HP: 43/67 MP: 11/11
  8979 | D:9      | Killed a manticore
  8979 | D:9      | Received a gift from Okawaru
  8979 | D:9      | Reached ***** piety under Okawaru
  9813 | D:10     | Entered Level 10 of the Dungeon
  9877 | D:10     | Noticed Maggie
  9898 | D:10     | Killed Maggie
  9898 | D:10     | Received a gift from Okawaru
 10003 | D:10     | Reached skill level 12 in Maces & Flails
 10169 | D:10     | Found a radiant altar of Vehumet.
 10225 | D:10     | Received a gift from Okawaru
 10463 | D:10     | Killed a two-headed ogre
 10463 | D:10     | Reached ****** piety under Okawaru
 10540 | D:10     | Noticed Erica
 10544 | D:10     | Killed Erica
 10558 | D:10     | Found Setzigu's Weapon Shoppe.
 10714 | D:10     | Reached skill level 13 in Maces & Flails
 10861 | D:10     | Noticed Erolcha
 10868 | D:10     | Cast into level 1 of the Abyss (Erolcha)
 11006 | Abyss:1  | Noticed a large abomination
 11017 | Abyss:1  | Killed a large abomination
 11118 | Abyss:1  | Noticed a thrashing horror
 11132 | Abyss:1  | Noticed a daeva
 11145 | Abyss:1  | Killed from afar by a daeva

Illustrated notes

Levels and vault maps discovered:
D:1:      dpeg_arrival_circle_labyrinth_a, layout_basic,
          hellmonk_ecumenical_altar_heavens_door
D:2:      minmay_alternating_diamond, layout_basic
D:3:      layout_loops_ring, nicolae_hepliaklqana_hazy_memory
D:4:      layout_cave_pools, serial_shops, shop, palyth_stone_intersect,
          uniq_pargi
D:5:      layout_gridville, serial_shops, nicolae_take_the_stairs, shop, shop
D:6:      layout_basic, grunt_qazlal_clouds, old_standard_altar,
          amcnicky_altar_gilded, minmay_temple_entry_slanted
D:7:      layout_rooms, mainiacjoe_overflow_concentric_impassable,
          mainiacjoe_overflow_tiny_flanked, gammafunk_temple_overflow_wave
D:8:      layout_loops_ring, lemuel_crystal_altar,
          hellmonk_ghost_happy_afterlife, minmay_misc_feat_plants, uniq_amaemon
D:9:      layout_loops_ring, david_lair_shrubbed, nzn_random_ring
D:10:     layout_basic, mainiacjoe_overflow_alcove_2, special_room
          [special_room_bee], serial_shops, shop, dreamdust_wishing_well,
          chequers_serial_rivers_micro_d, uniq_maggie, uniq_erolcha, uniq_erica
Temple:   nicolae_temple_no_exploring_needed
Abyss:1:  base: D:7, base:
D:7

Skill      XL: |  1  2  3  4  5  6  7  8  9 10 11 |
---------------+----------------------------------+-----
Armour         | 4 5 6 7 8 9 |  9.8
Maces & Flails | 3 4 5 7 9 11 13 | 13.0
Fighting       | 4 5 6 7 8 |  8.8
Dodging        | 1 2 3 4 |  4.0
Shields        | 4 5 6 7 |  7.0
Stealth        | 1 |  1.3
Evocations     | 1 |  1.5
Throwing       | 1 |  1.2

Action                   |  1- 3 |  4- 6 |  7- 9 | 10-12 || total
-------------------------+-------+-------+-------+-------++-------
Melee: Flail             |    27 |   161 |   273 |   425 ||   886
       Whip              |    50 |    10 |       |       ||    60
Throw: Dart              |     6 |     2 |     4 |     2 ||    14
       Stone             |     4 |     5 |     1 |       ||    10
Evoke: Wand              |       |       |     4 |     1 ||     5
  Use: Scroll            |     1 |     6 |     7 |     5 ||    19
       Potion            |       |       |       |     1 ||     1
Armor: Scale mail        |    30 |   169 |    87 |       ||   286
       Chain mail        |       |       |    96 |   254 ||   350
Dodge: Dodged            |    29 |   110 |   159 |   152 ||   450
Block: Buckler           |    18 |    49 |    67 |    78 ||   212

Table legend: (Time is in decaauts)
 A = Elapsed time spent in this place.
 B = Non-inter-level travel time spent in this place.
 C = Inter-level travel time spent in this place.
 D = Time resting spent in this place.
 E = Time spent auto-exploring this place.
 F = Levels seen in this place.
 G = Mean time per level.
                   A        B        C        D        E       F      G
               +--------+--------+--------+--------+--------+-----+--------+
         Total |  11185 |  10867 |    318 |    348 |   8376 |  12 |  932.1 |
       Dungeon |  10918 |  10600 |    318 |    248 |   8334 |  10 | 1091.8 |
        Temple |      1 |      1 |      0 |      0 |      0 |   1 |    1.0 |
         Abyss |    265 |    265 |      0 |    100 |     42 |   1 |  265.0 |
               +--------+--------+--------+--------+--------+-----+--------+

Top non-repeatable levels by time:
     D:1: 1614 daAuts
     D:9: 1347 daAuts
     D:5: 1319 daAuts
     D:8: 1118 daAuts
     D:6: 1043 daAuts
    D:10: 1042 daAuts
     D:2: 912 daAuts
     D:3: 903 daAuts
     D:7: 856 daAuts
     D:4: 760 daAuts
 Abyss:1: 265 daAuts
  Temple: 1 daAuts
